 Dungeon Crawl Stone Soup version 0.29.1-13-g9f3cf754e1 (webtiles) character file.

Game seed: 8650269324677756736

198 Heoruswealwe the Merchant of Misery (level 5, 0/28 HPs)
             Began as a Deep Elf Necromancer on Feb 8, 2023.
             Was a Believer of Kikubaaqudgha.
             Killed by nerve-wracking pain
             ... invoked by Grinder
              (8 damage)
             ... on level 4 of the Dungeon.
             The game lasted 00:47:31 (3035 turns).

Heoruswealwe the Merchant of Misery (DENe)          Turns: 3035, Time: 00:47:31

Health: 0/28       AC:  7    Str:  5    XL:     5   Next: 47%
Magic:  9/15       EV: 13    Int: 22    God:    Kikubaaqudgha [**....]
Gold:   163        SH:  0    Dex: 21    Spells: 7/15 levels left

rFire   . . .      SeeInvis .   X - +2 quarterstaff (chaos)
rCold   . . .      Faith    .   (shield currently unavailable)
rNeg    . . .      Spirit   .   a - +0 robe
rPois   .          Reflect  .   (no helmet)
rElec   .          Harm     .   Y - +0 cloak
rCorr   .          Rampage  .   (no gloves)
Will    .....                   (no boots)
Stlth   +++.......              (no amulet)
HPRegen 0.09/turn               u - +4 ring of protection
MPRegen 0.14/turn               L - +6 ring of dexterity

@: no status effects
A: no striking features
a: Renounce Religion, Unearth Wretches


You were on level 4 of the Dungeon.
You worshipped Kikubaaqudgha.
Kikubaaqudgha was pleased with you.
You visited 1 branch of the dungeon, and saw 4 of its levels.

You collected 185 gold pieces.
You spent 22 gold pieces at shops.

Inventory:

Hand Weapons
 d - a +0 trident
 h - a +2 dagger of venom
 X - a +2 quarterstaff of chaos (weapon)
Missiles
 c - 2 boomerangs
 e - 3 stones
Armour
 a - a +0 robe (worn)
 f - a +0 helmet
 Y - a +0 cloak (worn)
Jewellery
 u - a +4 ring of protection (left hand)
 L - a +6 ring of dexterity (right hand)
Scrolls
 l - a scroll of magic mapping
 m - a scroll of vulnerability
 w - a scroll of brand weapon
 F - 3 scrolls of summoning {unknown}
 V - a scroll of poison {unknown}
Potions
 b - 2 potions of magic
 g - a potion of heal wounds {unknown}
 o - 2 potions of invisibility {unknown}
 q - a potion of lignification {unknown}
 z - 2 potions of haste {unknown}
 A - a potion of degeneration {unknown}
 H - a potion of brilliance {unknown}
 I - 2 potions of mutation {unknown}
 J - a potion of berserk rage {unknown}
 M - a potion of ambrosia {unknown}
 T - a potion of curing {unknown}


   Skills:
 + Level 2.6 Dodging
 + Level 2.8 Stealth
 + Level 5.5 Spellcasting
 + Level 6.7 Necromancy


You had 7 spell levels left.
You knew the following spells:

 Your Spells              Type           Power      Damage    Failure   Level
a - Necrotise             Necr           100%       1d9       1%          1
b - Sublimation of Blood  Necr           35%        N/A       1%          2
c - Vampiric Draining     Necr           35%        2d8       1%          3
d - Static Discharge      Conj/Air       6%         3-4/arc   14%         2

Your spell library contained the following spells:

 Spells                   Type           Power      Damage    Failure   Level
 Animate Dead             Necr           35%        N/A       6%          4
 Dispel Undead            Necr           35%        3d15      6%          4
 Slow                     Hex            24%        N/A       10%         1
 Poisonous Vapours        Pois/Air       12%        N/A       14%         2
 Agony                    Necr           35%        N/A       17%         5
 Confusing Touch          Hex            6%         N/A       28%         3
 Corpse Rot               Necr/Pois/Air  16%        N/A       36%         4
 Sticky Flame             Conj/Fire      6%         2d3       67%         4


Dungeon Overview and Level Annotations

Branches:
Dungeon (4/15)             Temple (0/1) D:4

Altars:
Ashenzari
Kikubaaqudgha
Qazlal

Shops:
D:1 *

Annotations:
D:4 Grinder


Message History

Confirm with . or Enter, or press ? or * to list all spells.
Aiming: Vampiric Draining (safe; 1% risk of failure)
Press: ? - help, Shift-Dir - straight line, f - kobold
Aim: a kobold, wielding a +2 dagger of venom You draw life force from the kobold.
You kill the kobold!
Kikubaaqudgha accepts your kill.
Things that are here:
a +2 dagger of venom; a kobold corpse
h - a +2 dagger of venom
Casting: Vampiric Draining (safe; 1% risk of failure)
Confirm with . or Enter, or press ? or * to list all spells.
Grinder is struck by an arc of lightning.
Grinder is lightly wounded.
You are struck by an arc of lightning.
Grinder is struck by an arc of lightning.
Grinder is moderately wounded.
You are struck by an arc of lightning.
The lightning grounds out.
Grinder hits you.
You writhe in agony.
Casting: Static Discharge (safe; 14% risk of failure)
Confirm with . or Enter, or press ? or * to list all spells.
Grinder is struck by an arc of lightning.
Grinder is moderately wounded.
You are struck by an arc of lightning.
Grinder is struck by an arc of lightning.
Grinder is heavily wounded.
You are struck by an arc of lightning.
The lightning grounds out.
Grinder hits you.
* * * LOW HITPOINT WARNING * * *
You closely miss Grinder.
Grinder is heavily wounded.
Grinder hits you but does no damage.
Grinder blinks!
Grinder gestures at you.
You struggle to resist.
Unknown command.
Grinder blinks!
Grinder gestures at you. Pain shoots through your body!
You die...
Kikubaaqudgha rasps: "You have failed me!
Welcome... death!"

#.# #.# #.# #5#
###.. ...§# #..
#.#.# #.# ## #.#@#
#^#####...#.#.#
#.##..........#
##.##.####+###†#
##...#.##.....#.#
##......##.#+#.#.#
.........+.#>#.'.#
##.......#.###.#.#
###...#.##.....###


You could see Grinder.

Vanquished Creatures
  A phantom (D:4)
  Crazy Yiuf (D:3)
  3 adders
  2 dart slugs (D:2)
  An orc (D:4)
  9 bats
  An endoplasm (D:1)
  4 giant cockroaches
  4 goblins
  6 hobgoblins
  4 jackals (D:3)
  5 quokkas
  5 ball pythons
  10 kobolds
  4 rats
60 creatures vanquished.

Vanquished Creatures (collateral kills)
  An endoplasm (D:2)
  A giant cockroach (D:1)
2 creatures vanquished.

Vanquished Creatures (others)
  7 plants (D:3)
7 creatures vanquished.

Grand Total: 69 creatures vanquished

Notes
Turn   | Place    | Note
-------+----------+-------------------------------------------
     0 | D:1      | Heoruswealwe the Deep Elf Necromancer began the quest for
                  | the Orb.
     0 | D:1      | Reached XP level 1. HP: 10/10 MP: 6/6
    43 | D:1      | Reached skill level 5 in Necromancy
    65 | D:1      | Found Dasuv's General Store.
   130 | D:1      | Reached XP level 2. HP: 2/15 MP: 0/8
   248 | D:1      | Bought a scroll of identify for 22 gold pieces
   902 | D:1      | Found a faded altar of an unknown god.
   905 | D:1      | Prayed at the altar of an unknown god.
   905 | D:1      | Became a worshipper of Kikubaaqudgha
   905 | D:1      | Reached * piety under Kikubaaqudgha
   905 | D:1      | Received a gift from Kikubaaqudgha
   911 | D:1      | Learned a level 2 spell: Sublimation of Blood
  1018 | D:2      | Reached XP level 3. HP: 19/19 MP: 8/10
  1161 | D:2      | Learned a level 3 spell: Vampiric Draining
  1917 | D:3      | Found a stormy altar of Qazlal.
  2151 | D:3      | Found a broken altar of Ashenzari.
  2154 | D:3      | Reached XP level 4. HP: 24/24 MP: 8/12
  2221 | D:3      | Learned a level 2 spell: Static Discharge
  2274 | D:3      | Reached skill level 6 in Necromancy
  2375 | D:3      | Found an ancient bone altar of Kikubaaqudgha.
  2424 | D:3      | Found a runed translucent door.
  2425 | D:3      | Noticed Crazy Yiuf
  2431 | D:3      | Killed Crazy Yiuf
  2500 | D:3      | Reached ** piety under Kikubaaqudgha
  2869 | D:4      | Noticed a phantom
  2881 | D:4      | Killed a phantom
  2882 | D:4      | Reached skill level 5 in Spellcasting
  2882 | D:4      | Reached XP level 5. HP: 19/28 MP: 6/14
  3008 | D:4      | Found a staircase to the Ecumenical Temple.
  3016 | D:4      | Noticed Grinder
  3035 | D:4      | Killed from afar by Grinder

Illustrated notes

Levels and vault maps discovered:
D:1:      amcnicky_arrival_choice, layout_basic,
          hellmonk_ecumenical_altar_inner_sanctum, serial_shops, shop,
          minmay_tetromino_i2
D:2:      minmay_alternating_diamond, layout_basic
D:3:      layout_basic, general_overflow_altar,
          nicolae_qazlal_scattered_showers, mainiacjoe_overflow_chevrons,
          uniq_crazy_yiuf_cottage
D:4:      layout_loops_ring, mainiacjoe_overflow_surrounded_room,
          minmay_temple_entry_glassed_door, uniq_grinder

Skill      XL: |  1  2  3  4 |
---------------+-------------+-----
Necromancy     | 5 6 |  6.7
Spellcasting   | 4 5 |  5.5
Dodging        | |  2.6
Stealth        | |  2.8

Action                   |  1- 3 |  4- 6 || total
-------------------------+-------+-------++-------
Melee: Dagger            |       |    21 ||    21
       Punch             |       |     2 ||     2
       Quarterstaff      |       |     1 ||     1
 Cast: Necrotise         |    59 |     5 ||    64
       Vampiric Draining |    13 |    12 ||    25
       Static Discharge  |       |     5 ||     5
  Use: Scroll            |     2 |     1 ||     3
       Potion            |     1 |       ||     1
Armor: Robe              |     6 |     1 ||     7
Dodge: Dodged            |    15 |     8 ||    23
